 Dungeon Crawl Stone Soup version 0.29-a0-88-g03a7b78be7 (webtiles) character file.

Game seed: 6843159798488802636

455 Hubjo the Sneak (level 6, -6/36 HPs)
             Began as a Vampire Enchanter on Feb 5, 2022.
             Mangled by an ogre (20 damage)
             ... on level 5 of the Dungeon.
             The game lasted 00:17:53 (4697 turns).

Hubjo the Sneak (Vampire Enchanter)                 Turns: 4697, Time: 00:17:54

Health: -6/36      AC:  7    Str:  7    XL:     6   Next: 76%
Magic:  10/10      EV: 13    Int: 17    God:
Gold:   146        SH:  0    Dex: 17    Spells: 10/10 levels left

rFire   x . .      SeeInvis +   a - +1 dagger (venom)
rCold   + + +      Faith    .   (no shield)
rNeg    + + +      Spirit   .   b - +0 robe
rPois   ∞          Reflect  .   f - +1 helmet
rElec   .          Harm     .   (no cloak)
rCorr   .          Rampage  .   o - +1 pair of gloves
Will    .....                   l - +0 pair of boots
Stlth   ++++++....              (no amulet)
HPRegen 0.00/turn               g - ring of ice
MPRegen 0.12/turn               (no ring)

@: bloodless, inhibited regen
A: bloodless, fangs 3, see invisible, vampiric 2
a: Bat Form, Revivify


You were on level 5 of the Dungeon.
You visited 1 branch of the dungeon, and saw 5 of its levels.

You collected 146 gold pieces.

Inventory:

Hand Weapons
 a - a +1 dagger of venom (weapon)
Missiles
 j - 2 poisoned darts (quivered)
Armour
 b - a +0 robe (worn)
 f - a +1 helmet (worn)
 l - a +0 pair of boots (worn)
 o - a +1 pair of gloves (worn)
Jewellery
 g - a ring of ice (left hand)
Wands
 d - a wand of iceblast (5)
Scrolls
 k - a scroll of amnesia {unknown}
Potions
 c - a potion of invisibility
 e - a potion of attraction {unknown}
 h - a potion of curing
 i - 3 potions of degeneration {unknown}
 m - a potion of haste {unknown}
 n - a potion of lignification {unknown}


   Skills:
 + Level 2.4 Fighting
 + Level 2.9 Short Blades
 + Level 3.6 Dodging
 * Level 7.4 Stealth
 + Level 2.7 Spellcasting
 + Level 5.8 Hexes


You had 10 spell levels left.
You didn't know any spells.
Your spell library contained the following spells:

 Spells                   Type           Power      Damage    Failure   Level
 Confusing Touch          Hex            22%        N/A       4%          3
 Tukima's Dance           Hex            22%        N/A       4%          3
 Ensorcelled Hibernation  Hex/Ice        36%        N/A       9%          2
 Dazzling Flash           Conj/Hex       24%        N/A       16%         3


Dungeon Overview and Level Annotations

Branches:
Dungeon (5/15)
 Temple: D:4-7

Altars:
Makhleb
Qazlal
Sif Muna
Trog

Shops:
D:4 =


Innate Abilities, Weirdness & Mutations

You do not regenerate when monsters are visible.
You are frail without blood (-20% HP).
You can heal yourself when you bite living creatures.
You are immune to poison.
You have razor-sharp teeth.
You have supernaturally acute eyesight. (SInv)
You are afflicted with vampirism and can become a bat while bloodless.


Message History

The adder skeleton is almost destroyed.
The adder skeleton bites you.
You closely miss the adder skeleton.
You bite the adder skeleton, but do no damage.
The adder skeleton is almost destroyed.
The adder skeleton closely misses you.
You hit the adder skeleton.
The adder skeleton is almost destroyed.
The adder skeleton bites you but does no damage.
You hit the adder skeleton.
The adder skeleton is almost destroyed.
The adder skeleton closely misses you.
You hit the adder skeleton but do no damage.
You bite the adder skeleton.
You destroy the adder skeleton!
Found a pair of boots.
You see here a +0 pair of boots.
l - a +0 pair of boots You start putting on your armour.
You continue putting on your +0 pair of boots. x4
You finish putting on your +0 pair of boots.
You see here a +0 hunting sling.
You see here 16 stones.
Found a stone staircase leading down.
There is a stone staircase leading down here.
A hobgoblin comes into view.
An ogre comes into view. It is wielding a +0 giant club.
The ogre shouts!
The ogre misses you.
You hit the ogre.
The ogre is poisoned.
The ogre is lightly wounded.
The ogre hits you with a +0 giant club!!
Ouch! That really hurt!
There is a stone staircase leading down here.
The ogre closely misses you.
You climb downwards.
There is a stone staircase leading up here.
The ogre hits you with a +0 giant club!!
Ouch! That really hurt!
You die...

#.. #..
#..# Z..
..## #..#
#.O##
#.@.#
#......n#
######..#
#..# #..#
#..# #..#
#..#


You could see an ogre (very poisoned), a necrophage (dormant) and a killer bee
zombie (dormant).

Vanquished Creatures
  A black bear (D:3)
  An ogre (D:4)
  A hound (D:4)
  A bullfrog skeleton (D:2)
  An iguana (D:4)
  Natasha (D:4)
  An orc wizard (D:4)
  Robin (D:3)
  An adder (D:2)
  An adder skeleton (D:4)
  A worm (D:3)
  8 orcs
  5 ball pythons
  7 bats
  5 endoplasms
  6 giant cockroaches
  14 goblins
  13 hobgoblins
  4 jackals (D:1)
  9 kobolds
  6 quokkas
  5 frilled lizards (D:1)
  15 rats
108 creatures vanquished.

Notes
Turn   | Place    | Note
-------+----------+-------------------------------------------
     0 | D:1      | Hubjo the Vampire Enchanter began the quest for the Orb.
     0 | D:1      | Reached XP level 1. HP: 13/13 MP: 3/3
   202 | D:1      | Reached XP level 2. HP: 20/20 MP: 5/5
   383 | D:1      | Reached skill level 1 in Fighting
   528 | D:1      | Reached skill level 5 in Stealth
   652 | D:1      | Gained mutation: You are afflicted with vampirism and can
                  | become a bat while bloodless. [Vampire growth]
   652 | D:1      | Reached XP level 3. HP: 26/26 MP: 6/6
  1545 | D:2      | Reached skill level 5 in Hexes
  1545 | D:2      | Reached XP level 4. HP: 29/32 MP: 7/7
  1926 | D:2      | Found a faded altar of an unknown god.
  2367 | D:3      | Found a bloodstained altar of Trog.
  2521 | D:3      | Noticed Robin
  2534 | D:3      | Killed Robin
  2594 | D:3      | Reached skill level 6 in Stealth
  2825 | D:3      | Noticed a black bear
  2826 | D:3      | Reached XP level 5. HP: 38/38 MP: 8/8
  2866 | D:3      | Killed a black bear
  3298 | D:3      | Found a burning altar of Makhleb.
  3639 | D:4      | Reached XP level 6. HP: 16/35 MP: 9/9
  3911 | D:4      | Found a shimmering blue altar of Sif Muna.
  4051 | D:4      | Noticed Natasha
  4068 | D:4      | Killed Natasha
  4069 | D:4      | Reached skill level 7 in Stealth
  4441 | D:4      | Found Meovvusu's Jewellery Shop.
  4542 | D:4      | Found a stormy altar of Qazlal.
  4696 | D:5      | Entered Level 5 of the Dungeon
  4697 | D:5      | Mangled by an ogre

Illustrated notes

Levels and vault maps discovered:
D:1:      dpeg_arrival_pits, layout_loops_corners, st_stairs_10,
          minmay_rat_gold_closets
D:2:      layout_loops_corners, chequers_ecumenical_altar_simple,
          roderic_filled_cross
D:3:      layout_loops_ring, trog_three_pillars_becter, lightli_temple_of_fire,
          uniq_robin
D:4:      layout_rooms, nicolae_qazlal_general_emergency,
          mainiacjoe_overflow_boulevard, serial_shops, kennysheep_mini_moat,
          uniq_natasha
D:5:      layout_loops_ring, serial_shops, nicolae_shop_stone

Skill      XL: |  1  2  3  4  5  6 |
---------------+-------------------+-----
Fighting       | 1 2 |  2.4
Stealth        | 5 6 7 |  7.4
Short Blades   | 2 |  2.9
Hexes          | 5 |  5.8
Dodging        | 3 |  3.6
Spellcasting   | |  2.7

Action                   |  1- 3 |  4- 6 || total
-------------------------+-------+-------++-------
Melee: Dagger            |   208 |   237 ||   445
       Bite              |    16 |    33 ||    49
       Punch             |     1 |       ||     1
 Abil: Exsanguinate      |       |     1 ||     1
  Use: Scroll            |       |     7 ||     7
       Potion            |       |     2 ||     2
 Stab: Sleeping          |    18 |     5 ||    23
       Distracted        |     1 |     1 ||     2
Armor: Robe              |    33 |    52 ||    85
Dodge: Dodged            |   135 |   136 ||   271

Table legend: (Time is in decaauts)
 A = Elapsed time spent in this place.
 B = Non-inter-level travel time spent in this place.
 C = Inter-level travel time spent in this place.
 D = Time resting spent in this place.
 E = Time spent auto-exploring this place.
 F = Levels seen in this place.
 G = Mean time per level.
                   A        B        C        D        E       F      G
               +--------+--------+--------+--------+--------+-----+--------+
         Total |   4652 |   4289 |    363 |    743 |   2374 |   5 |  930.4 |
       Dungeon |   4652 |   4289 |    363 |    743 |   2374 |   5 |  930.4 |
               +--------+--------+--------+--------+--------+-----+--------+

Top non-repeatable levels by time:
     D:1: 1392 daAuts
     D:3: 1264 daAuts
     D:4: 1076 daAuts
     D:2: 919 daAuts
     D:5: 0 daAuts
